 Dungeon Crawl Stone Soup version 0.24.1-8-ga250c9d538 (webtiles) character file.

Game seed: 3162677593741263296, levelgen mode: deterministic

4989 Krapule the Slinger (level 10, -1/68 HPs)
             Began as a Halfling Hunter on May 3, 2020.
             Was a Priest of Okawaru.
             Slain by a wraith (11 damage)
             ... on level 9 of the Dungeon on May 4, 2020.
             The game lasted 00:56:16 (13152 turns).

Krapule the Slinger (Halfling Hunter)              Turns: 13152, Time: 00:56:16

Health: -1/68      AC:  9    Str: 13    XL:     10   Next: 83%
Magic:  13/13      EV: 20    Int:  9    God:    Okawaru [***...]
Gold:   684        SH:  0    Dex: 19    Spells: 9/9 levels left

rFire    . . .     SeeInvis .   b - +2 short sword (venom)
rCold    . . .     Gourm    .   (shield restricted)
rNeg     . . .     Faith    .   t - +2 animal skin
rPois    +         Spirit   .   p - +0 helmet
rElec    .         Reflect  .   w - +0 cloak
rCorr    .         Harm     .   P - +1 pair of gloves
MR       .....                  (no boots)
Stlth    ++++......             (no amulet)
HPRegen  0.21/turn              G - ring of poison resistance
MPRegen  0.13/turn              (no ring)

@: slowed, very slow
A: small, mutation resistance 1
a: Heroism, Renounce Religion


You were on level 9 of the Dungeon.
You worshipped Okawaru.
Okawaru was most pleased with you.
You were not hungry.

You visited 2 branches of the dungeon, and saw 11 of its levels.

You collected 684 gold pieces.

Inventory:

Hand Weapons
 a - a +1 hunting sling
 b - a +2 short sword of venom (weapon)
 H - a +3 short sword
Missiles
 d - 64 sling bullets
 y - 178 stones (quivered)
Armour
 l - a +0 shield
 p - a +0 helmet (worn)
 s - a +3 ring mail
 t - a +2 animal skin (worn)
 w - a +0 cloak (worn)
 P - a +1 pair of gloves (worn)
Jewellery
 G - a ring of poison resistance (left hand)
Wands
 z - a wand of scattershot (4)
 F - a wand of iceblast (9)
 J - a wand of paralysis (18)
 K - a wand of acid (14)
Scrolls
 g - 2 scrolls of noise {unknown}
 h - a scroll of random uselessness {unknown}
 i - 8 scrolls of remove curse {unknown}
 m - 7 scrolls of teleportation
 n - 2 scrolls of fear {unknown}
 u - 4 scrolls of amnesia
 x - a scroll of enchant weapon {unknown}
 B - a scroll of enchant armour {unknown}
 E - 2 scrolls of fog {unknown}
 O - 3 scrolls of silence {unknown}
Potions
 c - a potion of mutation
 e - 2 potions of degeneration
 j - 4 potions of flight
 k - 4 potions of heal wounds
 o - 4 potions of curing
 q - a potion of might
 r - 3 potions of lignification
 v - 4 potions of agility {unknown}
 A - 2 potions of berserk rage {unknown}
 C - 3 potions of brilliance {unknown}
 D - 4 potions of haste
 I - a potion of invisibility
 M - a potion of cancellation {unknown}
Comestibles
 f - 20 rations
 L - 2 chunks of flesh


   Skills:
 + Level 5.7 Fighting
 + Level 7.1 Short Blades
 + Level 10.2 Slings
 + Level 6.5 Armour
 + Level 6.9 Dodging
 + Level 7.1 Stealth
 + Level 4.2 Invocations


You had 9 spell levels left.
You didn't know any spells.
Your spell library contained the following spells:

 Spells                   Type           Power        Failure   Level  Hunger
 Bolt of Magma            Conj/Fire/Erth #.........   100%        5    ######.
 Iskenderun's Battlesphe  Conj/Chrm      #.......     100%        5    ######.
 Venom Bolt               Conj/Pois      #.........   100%        5    ######.
 Iron Shot                Conj/Erth      #.........   100%        6    #######
 Orb of Destruction       Conj           #.........   100%        7    #######
 Spellforged Servitor     Conj/Summ      #.........   100%        7    #######


Dungeon Overview and Level Annotations

Branches:
Dungeon (10/15)            Temple (1/1) D:4            Lair (0/6) D:9
    Orc: D:9-12

Altars:
Ashenzari
Cheibriados
Dithmenos
Elyvilon
Fedhas
Gozag
Hepliaklqana
Kikubaaqudgha
Makhleb
Nemelex Xobeh
Okawaru
Qazlal
Ru
Sif Muna
Trog
Uskayaw
Vehumet
Wu Jian
Xom
Yredelemnul
Zin
The Shining One
Beogh

Annotations:
D:3 3 runed translucent doors, krystol's ghost, amateur GrBe
D:6 1 runed translucent door
D:9 Harold


Innate Abilities, Weirdness & Mutations

You are small and have problems with some larger weapons.
You are somewhat resistant to further mutation.


Message History

The wraith hits you but does no damage.
You hit the wraith but do no damage.
The wraith is heavily damaged.
The wraith closely misses you.
You barely miss the wraith.
The wraith is heavily damaged.
The wraith hits you!
* * * LOW HITPOINT WARNING * * *
You hit the wraith but do no damage.
The wraith is heavily damaged.
The wraith hits you.
* * * LOW HITPOINT WARNING * * *
The wraith drains your vigour!
You feel as though you will be slow longer.
The wraith hits you.
* * * LOW HITPOINT WARNING * * *
The wraith drains your vigour!
You feel as though you will be slow longer.
The wraith hits you!
You die...

### ### #.#
###.########.#
###...........##
###............##
##..####......###
##..## ##....## #
#..## #..>..# ## #..#
##@....# .## #..#
#.W##.## ..# #..#
#..##.# ..# #..#
#.###.# ..# #..# ##.#
#.# ..#####..## #..#
#.# ..........####..#
#.#
................###.#
.................#..#


You could see a wraith.

Vanquished Creatures
  A troll (D:9)
  A hornet (D:8)
  A hippogriff (D:8)
  A water moccasin (D:6)
  An orc warrior (D:7)
  2 black bears
  A necrophage (D:9)
  A sky beast (D:9)
  6 phantoms
  2 ice beasts
  5 ogres
  2 centaurs
  2 big kobolds
  3 bullfrogs
  4 scorpions
  8 wights
  4 howler monkeys
  5 crimson imps
  A quasit (D:6)
  5 hounds
  4 jellies
  A human zombie (D:6)
  Crazy Yiuf (D:2)
  6 orc priests
  2 iguanas
  8 orc wizards
  7 worker ants
  2 hound skeletons
  A worker ant zombie (D:7)
  Robin (D:2)
  5 gnolls
  7 adders
  A shadow imp (D:6)
  8 oozes
  2 adder zombies
  2 adder skeletons
  4 worms
  2 dart slugs (D:2)
  5 leopard geckos
  26 orcs
  12 bats
  5 giant cockroaches
  14 goblins
  11 hobgoblins
  19 jackals
  15 kobolds
  A quokka (D:8)
  A goblin zombie (D:6)
  A jackal skeleton (D:7)
  A kobold zombie (D:6)
  A quokka skeleton (D:6)
  9 rats
241 creatures vanquished.

Vanquished Creatures (others)
  An orc (D:8)
1 creature vanquished.

Grand Total: 242 creatures vanquished

Notes
Turn   | Place    | Note
-------+----------+-------------------------------------------
     0 | D:1      | Krapule the Halfling Hunter began the quest for the Orb.
     0 | D:1      | Reached XP level 1. HP: 14/14 MP: 1/1
   408 | D:1      | Reached XP level 2. HP: 15/19 MP: 2/2
   459 | D:1      | Reached skill level 6 in Slings
   649 | D:1      | Reached skill level 1 in Short Blades
   649 | D:1      | Reached XP level 3. HP: 18/24 MP: 3/3
   693 | D:1      | Reached skill level 1 in Armour
  1434 | D:2      | Reached XP level 4. HP: 28/29 MP: 4/4
  1485 | D:2      | Noticed Robin
  1519 | D:2      | Killed Robin
  1900 | D:2      | Found a runed translucent door.
  1901 | D:2      | Noticed Crazy Yiuf
  1934 | D:2      | Killed Crazy Yiuf
  1934 | D:2      | Reached XP level 5. HP: 5/35 MP: 5/5
  2268 | D:3      | Found an ancient bone altar of Kikubaaqudgha.
  2482 | D:3      | Noticed krystol's ghost (amateur GrBe)
  2491 | D:3      | Reached XP level 6. HP: 41/41 MP: 6/6
  2496 | D:3      | Found a runed translucent gate.
  2496 | D:3      | Found a runed translucent gate.
  2506 | D:3      | Found a runed translucent gate.
  3309 | D:4      | Found a roughly hewn altar of Beogh.
  3551 | D:4      | Reached XP level 7. HP: 38/46 MP: 7/7
  3628 | D:4      | Reached skill level 7 in Slings
  5228 | D:4      | Found a glowing silver altar of Zin.
  5240 | D:4      | Found a staircase to the Ecumenical Temple.
  5248 | Temple   | Entered the Ecumenical Temple
  5500 | D:4      | Found a blossoming altar of Fedhas.
  5579 | D:4      | Found a shattered altar of Ashenzari.
  5711 | D:4      | Reached XP level 8. HP: 34/52 MP: 8/8
  6069 | D:5      | Entered Level 5 of the Dungeon
  6268 | D:5      | Found a shimmering blue altar of Sif Muna.
  6380 | D:5      | Found a glowing golden altar of the Shining One.
  7379 | D:5      | Reached skill level 8 in Slings
  7894 | D:6      | Found a runed translucent door.
  7894 | D:6      | Noticed a human
  7900 | D:6      | Found a basalt altar of Yredelemnul.
  7929 | D:6      | Reached skill level 5 in Short Blades
  7929 | D:6      | Reached skill level 5 in Dodging
  7991 | D:6      | Reached skill level 5 in Stealth
  7991 | D:6      | Reached XP level 9. HP: 55/58 MP: 9/9
  8046 | D:6      | Found a bloodstained altar of Trog.
  8046 | D:6      | Found an iron altar of Okawaru.
  8058 | D:6      | Became a worshipper of Warmaster Okawaru
  8373 | D:7      | Reached skill level 1 in Invocations
  8905 | D:7      | Reached skill level 5 in Armour
  9000 | D:7      | Reached skill level 9 in Slings
  9081 | D:6      | Reached * piety under Okawaru
 10115 | D:8      | Noticed a hippogriff
 10137 | D:8      | Killed a hippogriff
 10137 | D:8      | Reached skill level 5 in Fighting
 10137 | D:8      | Reached XP level 10. HP: 14/66 MP: 10/12
 10476 | D:8      | Reached ** piety under Okawaru
 11661 | D:8      | Reached skill level 10 in Slings
 11850 | D:8      | Found a basalt altar of Yredelemnul.
 11850 | D:8      | Found a stormy altar of Qazlal.
 11855 | D:8      | Found a hide-covered altar of Uskayaw.
 11858 | D:8      | Found a faded altar of an unknown god.
 11859 | D:8      | Found a faded altar of an unknown god.
 12172 | D:9      | Found a staircase to the Lair.
 12241 | D:9      | Reached *** piety under Okawaru
 12929 | D:9      | Noticed Harold
 13097 | D:10     | Entered Level 10 of the Dungeon
 13152 | D:9      | Slain by a wraith

Levels and vault maps discovered:
D:1:      wander_arrival_peaceful_grave, layout_loops_corners,
          minmay_misc_feat_diagonals, minmay_misc_feat_ornament
D:2:      kennysheep_big_flooded_room, layout_rooms, kennysheep_generic_room_10,
          uniq_crazy_yiuf_cottage, uniq_robin
D:3:      layout_rooms, kiku_gazebo_pond_becter, gammafunk_ghost_split,
          minmay_misc_feat_columns
D:4:      layout_basic, old_standard_altar, zin_scriptorium, marbit_many_paths,
          minmay_temple_entry_enclosed_plants, first_ration,
          kennysheep_orc_chapel
D:5:      layout_loops_ring, tso_altar, basic_altar
D:6:      layout_cave_pools, grunt_temple_overflow_bloody_war,
          dk_yredelemnul_ordeal
D:7:      layout_loops_cross
D:8:      layout_basic, chequers_temple_overflow_minitemple, skrybe_limestone_x,
          hangedman_little_slice_of_home
D:9:      layout_layer_cave, lemuel_coloured_pillars_altar, dpeg_oklobed_lair,
          uniq_harold
D:10:     layout_gridville, chequers_garden, minmay_statue_crystal_thing,
          uniq_erica
Temple:   minmay_temple_curvy_loop

Skill      XL: |  1  2  3  4  5  6  7  8  9 10 |
---------------+-------------------------------+-----
Slings         | 6 7 8 9 10 | 10.2
Fighting       | 2 3 4 5 |  5.7
Short Blades   | 1 2 3 5 6 7 |  7.1
Armour         | 1 2 3 4 5 6 |  6.5
Stealth        | 2 3 4 5 6 7 |  7.1
Dodging        | 3 4 5 6 |  6.9
Invocations    | 2 4 |  4.2

Action                   |  1- 3 |  4- 6 |  7- 9 | 10-12 || total
-------------------------+-------+-------+-------+-------++-------
Melee: Short sword       |    83 |       |   337 |   242 ||   662
       Rapier            |    15 |   170 |   234 |       ||   419
 Fire: Hunting sling     |       |    40 |   150 |    81 ||   271
Evoke: Wand              |       |       |       |     1 ||     1
  Use: Scroll            |       |     1 |     9 |       ||    10
 Stab: Sleeping          |     4 |     3 |     6 |    15 ||    28
  Eat: Chunk             |     1 |     7 |    11 |    10 ||    29
       Ration            |       |       |     3 |       ||     3
Armor: Leather armour    |    18 |     1 |       |       ||    19
       Animal skin       |       |    20 |    91 |    39 ||   150
Dodge: Dodged            |    70 |   134 |   415 |   129 ||   748
